 Dungeon Crawl Stone Soup version 0.21-a0-404-g291f19a (webtiles) character file.

55 Dorkslayer the Fighter (level 3, -1/42 HPs)
             Began as a Gnoll Wanderer on Oct 28, 2017.
             Slain by Sigmund
             ... wielding a +0 scythe
              (10 damage)
             ... on level 2 of the Dungeon.
             The game lasted 00:06:05 (1246 turns).

Dorkslayer the Fighter (Gnoll Wanderer)             Turns: 1246, Time: 00:06:05

Health: -1/42      AC:  7    Str: 18    XL:     3   Next: 93%
Magic:  5/5        EV: 13    Int: 11    God:
Gold:   109        SH:  0    Dex: 19    Spells: 4/4 levels left

rFire    . . .     SeeInvis .   n - +0 mace
rCold    . . .     Gourm    .   j - +0 shield
rNeg     . . .     Faith    .   c - +0 ring mail
rPois    .         Spirit   .   (no helmet)
rElec    .         Reflect  .   l - +0 cloak
rCorr    .         Harm     .   (no gloves)
MR       .....                  (no boots)
Stlth    +.........             (no amulet)
HPRegen  0.14/turn              (no ring)
MPRegen  0.09/turn              (no ring)

@: confused, agile
A: distributed training, fangs 1, strong nose
a: no special abilities


You were on level 2 of the Dungeon.
You were not hungry.

You visited 1 branch of the dungeon, and saw 2 of its levels.

You collected 109 gold pieces.

Inventory:

Hand Weapons
 n - a +0 mace (weapon)
Missiles
 g - 4 javelins of penetration
 p - 3 tomahawks (quivered)
Armour
 c - a +0 ring mail (worn)
 j - a +0 shield (worn)
 l - a +0 cloak (worn)
Wands
 a - a wand of flame (13/48)
Scrolls
 m - a scroll of remove curse {unknown}
Potions
 b - a potion of lignification
Comestibles
 f - 2 bread rations


   Skills:
 + Level 10.3 Fighting
 + Level 1.0 Short Blades
 + Level 1.0 Long Blades
 + Level 1.0 Axes
 + Level 1.0 Maces & Flails
 + Level 1.0 Polearms
 + Level 1.0 Staves
 + Level 1.0 Slings
 + Level 2.6 Bows
 + Level 1.0 Crossbows
 + Level 1.0 Throwing
 + Level 4.6 Armour
 + Level 1.0 Dodging
 + Level 2.4 Stealth
 + Level 1.0 Shields
 + Level 1.0 Unarmed Combat
 + Level 1.0 Spellcasting
 + Level 0.7 Conjurations
 + Level 0.7 Hexes
 + Level 0.7 Charms
 + Level 0.7 Summonings
 + Level 0.7 Necromancy
 + Level 0.7 Translocations
 + Level 0.7 Transmutations
 + Level 0.7 Fire Magic
 + Level 0.7 Ice Magic
 + Level 0.7 Air Magic
 + Level 0.7 Earth Magic
 + Level 0.7 Poison Magic
 + Level 1.0 Invocations
 + Level 2.6 Evocations


You had 4 spell levels left.
You didn't know any spells.

Dungeon Overview and Level Annotations

Branches:
Dungeon (2/15)

Altars:
Vehumet

Annotations:
D:2 Sigmund


Innate Abilities, Weirdness & Mutations

Your experience applies equally to all skills.
You have very sharp teeth.
Your uncanny sense of smell can sniff out nearby items.


Message History

* * * LOW HITPOINT WARNING * * *
It was a potion of heal wounds.
You feel much better.
You hear some strange, mumbled words.
A puff of flame appears from out of thin air!
The puff of flame hits you!
You sock something!
You hear some strange, mumbled words.
You are more confused.
You bump into the rock wall.
Something barely misses you.
You closely miss something. Something barely misses you.
Your shield prevents you from hitting something.
Something hits you but does no damage.
You closely miss something. You bite something. Something hits you.
You feel a little less mighty now.
You hear some strange, mumbled words.
You are more confused.
Something hits you!
* * * LOW HITPOINT WARNING * * *
You closely miss something. Something hits you!
You die... .....## .######............ ######## ......#..########## ###..... #####.#.......# #.#### #......#..####.# .# #.######..# #.# .# .#(# #### #.# .# bg#

#.# ## ##.# #{# ####.#
.####..# #@#### ##....####
...##.# #....###..##....#
##....# ####..#..###..###
###..# # ##...## #.## #..##
. ###># #.# ##..##
.########..####.#### #...##
#.#..#..............#
#.#..##...#.#.##.####.####.#
#.##....# #.#.##.##.....##.#


You could see a hobgoblin and a bat.

Vanquished Creatures
  A gnoll (D:1)
  An adder (D:2)
  2 worms (D:2)
  A dart slug (D:1)
  3 bats
  A giant cockroach (D:2)
  4 goblins
  2 hobgoblins
  3 jackals (D:1)
  3 frilled lizards
  2 kobolds
  7 rats
30 creatures vanquished.

Notes
Turn   | Place    | Note
-------+----------+-------------------------------------------
     0 | D:1      | Reached skill level 10 in Fighting
     0 | D:1      | Dorkslayer the Gnoll Wanderer began the quest for the Orb.
     0 | D:1      | Dorkslayer set off with: a wand of flame (15/48), a potion of lignification, a +0 ring mail, a +0 club, a bread ration
     0 | D:1      | Reached XP level 1. HP: 28/28 MP: 2/2
    88 | D:1      | Reached XP level 2. HP: 31/36 MP: 3/3
   215 | D:1      | Reached XP level 3. HP: 39/42 MP: 4/4
   883 | D:2      | Reached skill level 1 in Invocations
  1024 | D:2      | Found a radiant altar of Vehumet.
  1081 | D:2      | Noticed Sigmund
  1206 | D:2      | Reached skill level 1 in Short Blades
  1206 | D:2      | Reached skill level 1 in Long Blades
  1206 | D:2      | Reached skill level 1 in Axes
  1206 | D:2      | Reached skill level 1 in Maces & Flails
  1206 | D:2      | Reached skill level 1 in Polearms
  1206 | D:2      | Reached skill level 1 in Staves
  1206 | D:2      | Reached skill level 1 in Slings
  1206 | D:2      | Reached skill level 1 in Crossbows
  1206 | D:2      | Reached skill level 1 in Throwing
  1206 | D:2      | Reached skill level 1 in Dodging
  1206 | D:2      | Reached skill level 1 in Shields
  1206 | D:2      | Reached skill level 1 in Unarmed Combat
  1206 | D:2      | Reached skill level 1 in Spellcasting
  1246 | D:2      | Slain by Sigmund

Vault maps used:
D:1:      lemuel_arrival_hallway, minmay_misc_feat_plants
D:2:      old_standard_altar, serial_co_window_serial, co_window_paths_a,
          co_window_of_opportunity_a, co_window_corner_a, co_window_corner_a,
          co_window_paths_a, co_window_broadway_c, co_window_of_opportunity_c,
          co_window_2corner, co_window_broadway_a, co_window_2corner,
          co_window_cross_4, co_window_2corner, glass_columns_a,
          glass_columns_c, glass_columns_a, minmay_misc_feat_alley, uniq_sigmund

Skill      XL: |  1  2  3 |
---------------+----------+-----
Fighting       | | 10.3
Invocations    | 1 |  1.0
Short Blades   | 1 |  1.0
Long Blades    | 1 |  1.0
Axes           | 1 |  1.0
Maces & Flails | 1 |  1.0
Polearms       | 1 |  1.0
Staves         | 1 |  1.0
Slings         | 1 |  1.0
Crossbows      | 1 |  1.0
Throwing       | 1 |  1.0
Dodging        | 1 |  1.0
Shields        | 1 |  1.0
Unarmed Combat | 1 |  1.0
Spellcasting   | 1 |  1.0
Bows           | |  2.6
Armour         | |  4.6
Stealth        | |  2.4
Conjurations   | |  0.7
Hexes          | |  0.7
Charms         | |  0.7
Summonings     | |  0.7
Necromancy     | |  0.7
Translocations | |  0.7
Transmutations | |  0.7
Fire Magic     | |  0.7
Ice Magic      | |  0.7
Air Magic      | |  0.7
Earth Magic    | |  0.7
Poison Magic   | |  0.7
Evocations     | |  2.6

Action                   || total
-------------------------++-------
Melee: Club              ||    33
       Bite              ||     9
       Mace              ||    49
Throw: Javelin           ||    12
       Tomahawk          ||     3
Evoke: Wand              ||     2
  Use: Potion            ||     4
       Scroll            ||     1
  Eat: Chunk             ||     1
Armor: Ring mail         ||    44
Dodge: Dodged            ||    27
Block: Shield            ||    28

Table legend:
 A = Spawn XP
 B = Non-spawn XP
 C = Spawn XP percentage of total XP
 D = Spawn monster count
 E = Non-spawn monster count
 F = Spawn count percentage of total count
 G = Total turns spent on level
                    A         B        C        D         E        F      G
               +---------+---------+-------+---------+---------+-------+---------
         Total |       0 |      79 |   0.0 |       0 |      30 |   0.0 |  1246
               +---------+---------+-------+---------+---------+-------+---------
           D:1 |       0 |      41 |   0.0 |       0 |      17 |   0.0 |   476
           D:2 |       0 |      38 |   0.0 |       0 |      13 |   0.0 |   770
               +---------+---------+-------+---------+---------+-------+---------
